 Dungeon Crawl Stone Soup version 0.27.1-3-gb3d3a73c9e (webtiles) character file.

Game seed: 4071138631498609278

413 Crownlay the Chopper (level 6, -4/57 HPs)
             Began as a Hill Orc Fighter on Oct 23, 2021.
             Killed by divine providence
             ... invoked by an orc priest
              (12 damage)
             ... on level 4 of the Dungeon.
             The game lasted 00:04:16 (3703 turns).

Crownlay the Chopper (Hill Orc Fighter)             Turns: 3703, Time: 00:04:17

Health: -4/57      AC: 12    Str: 21    XL:     6   Next: 90%
Magic:  6/6        EV:  9    Int:  8    God:
Gold:   94         SH:  0    Dex: 16    Spells: 5/5 levels left

rFire    + . .     SeeInvis .   a - +0 war axe
rCold    + . .     Faith    .   (no shield)
rNeg     . . .     Spirit   .   b - +0 scale mail
rPois    .         Reflect  .   (no helmet)
rElec    .         Harm     .   i - scarf {rC+ rF+}
rCorr    .         Rampage  .   (no gloves)
Will     .....                  e - +0 pair of boots
Stlth    ..........             (no amulet)
HPRegen  0.19/turn              g - +6 ring of dexterity
MPRegen  0.10/turn              r - +4 ring of protection

@: no status effects
A: no striking features
a: Convert to Beogh


You were on level 4 of the Dungeon.
You visited 1 branch of the dungeon, and saw 4 of its levels.

You collected 94 gold pieces.

Inventory:

Hand Weapons
 a - a +0 war axe (weapon)
Missiles
 l - 35 poisoned darts (quivered)
Armour
 b - a +0 scale mail (worn)
 c - a +0 kite shield
 e - a +0 pair of boots (worn)
 i - a scarf of resistance (worn)
 q - a +0 plate armour
Jewellery
 g - a +6 ring of dexterity (left hand)
 m - a ring of fire
 r - a +4 ring of protection (right hand)
Scrolls
 h - a scroll of summoning
 o - a scroll of fear {unknown}
 p - 2 scrolls of identify
 s - a scroll of silence {unknown}
 t - a scroll of immolation {unknown}
 v - a scroll of amnesia {unknown}
 w - a scroll of acquirement {unknown}
Potions
 d - a potion of might
 f - a potion of lignification {unknown}
 j - a potion of heal wounds
 k - 3 potions of curing
 n - a potion of berserk rage {unknown}
 u - a potion of haste {unknown}


   Skills:
 + Level 5.9 Fighting
 * Level 7.8 Axes
 - Level 3.2 Armour
 - Level 3.2 Shields


You had 5 spell levels left.
You didn't know any spells.
Your spell library contained the following spells:

 Spells                   Type           Power      Damage    Failure   Level
 Corona                   Hex            0%         N/A       75%         1
 Sting                    Tmut/Pois      0%         1d3       75%         1
 Ensorcelled Hibernation  Hex/Ice        0%         N/A       87%         2
 Poisonous Vapours        Pois/Air       0%         N/A       87%         2
 Ignite Poison            Fire/Tmut/Pois 0%         N/A       98%         3
 Mephitic Cloud           Conj/Pois/Air  0%         N/A       98%         3
 Tukima's Dance           Hex            0%         N/A       98%         3
 Olgreb's Toxic Radiance  Pois           0%         N/A       100%        4
 Bolt of Magma            Conj/Fire/Erth 0%         4d4       100%        5


Dungeon Overview and Level Annotations

Branches:
Dungeon (4/15)
 Temple: D:4-7

Altars:
Xom


Message History

Things that are here:
a +0 dagger; a +0 robe; an orc corpse You closely miss the orc priest.
The orc priest casts a cantrip, but nothing happens.
The orc priest calls down the wrath of Beogh upon you.
Pain shoots through your body!
The orc priest invokes the aid of Beogh against you.
Beogh smites you!
You bump into the rock wall.
The orc priest mumbles some strange prayers to Beogh against you.
You barely resist. You slash the orc priest!
The orc priest is almost dead.
The orc priest mumbles some strange prayers to Beogh against you.
Beogh smites you!
You hit the orc priest.
The orc priest is almost dead.
You slash the orc priest!
The orc priest mumbles some strange prayers to Beogh against you.
Pain shoots through your body!
* * * LOW HITPOINT WARNING * * *
The orc priest shouts, "Surrender to Beogh and we'll let you live!"
The orc priest hits you but does no damage.
You miss the orc priest.
The orc priest is almost dead.
You miss the orc priest.
You feel less confused.
The orc priest hits you with a +0 dagger.
* * * LOW HITPOINT WARNING * * *
The orc priest hits you with a +0 short sword.
* * * LOW HITPOINT WARNING * * *
The orc priest barely misses you.
The orc priest hits you but does no damage.
You closely miss the orc priest.
The orc priest shouts, "Surrender to Beogh and we'll let you live!"
The orc priest is almost dead.
You hit the orc priest.
The orc priest calls down the wrath of Beogh upon you.
Beogh smites you!
You die...

# #.# +. #.#.# .##
##.#.# .. ##..#.#
#.####...#.#
#..##......#
#.###..#.......##
#...............# #
########.#......@##
.# ..#
#.##....oo#####.#####
#.#
#.###...#.)..........
#.# #.#
##.########.#####
#.######.####.## #
#.#.............
#[..############
#####


You could see 2 orc priests.

Vanquished Creatures
  A necrophage (D:4)
  A water moccasin skeleton (D:4)
  An orc priest (D:3)
  Natasha (thrice) (D:3)
  4 adders
  4 gnolls (D:3)
  A worm (D:2)
  4 dart slugs
  8 orcs
  10 ball pythons
  6 bats
  6 endoplasms
  3 giant cockroaches (D:3)
  5 goblins
  6 hobgoblins
  3 jackals (D:2)
  10 kobolds
  4 frilled lizards
  9 rats
89 creatures vanquished.

Vanquished Creatures (others)
  An orc wizard (D:4)
  7 plants (D:1)
  7 withered plants (D:1)
15 creatures vanquished.

Grand Total: 104 creatures vanquished

Notes
Turn   | Place    | Note
-------+----------+-------------------------------------------
     0 | D:1      | Crownlay the Hill Orc Fighter began the quest for the Orb.
     0 | D:1      | Reached XP level 1. HP: 19/19 MP: 1/1
    81 | D:1      | Reached skill level 3 in Axes
   213 | D:1      | Reached XP level 2. HP: 27/27 MP: 2/2
   453 | D:1      | Found a faded altar of an unknown god.
   577 | D:1      | Reached skill level 4 in Axes
   585 | D:1      | Reached XP level 3. HP: 26/33 MP: 3/3
  1521 | D:2      | Reached XP level 4. HP: 39/41 MP: 4/4
  2017 | D:2      | Reached skill level 5 in Axes
  2408 | D:3      | Found a shimmering altar of Xom.
  2418 | D:3      | Reached XP level 5. HP: 42/47 MP: 5/5
  2657 | D:3      | Noticed Natasha
  2665 | D:3      | Killed Natasha
  2666 | D:3      | Reached skill level 5 in Fighting
  2666 | D:3      | Reached skill level 6 in Axes
  2737 | D:3      | Noticed Natasha
  2750 | D:3      | Killed Natasha
  2923 | D:3      | HP: 1/48 [orc (4)]
  2927 | D:3      | Reached XP level 6. HP: 18/56 MP: 6/6
  3238 | D:3      | Noticed Natasha
  3247 | D:3      | Killed Natasha
  3248 | D:3      | Reached skill level 7 in Axes
  3419 | D:4      | Noticed a necrophage
  3426 | D:4      | Killed a necrophage
  3703 | D:4      | Killed from afar by an orc priest

Illustrated notes

Levels and vault maps discovered:
D:1:      dpeg_arrival_pits, layout_loops_ring,
          shapermc_ecumenical_altar_flowoftime, chequers_serial_rivers_large_b,
          minmay_door_square, minmay_tromino_v7
D:2:      layout_loops_cross
D:3:      layout_basic, xom_butterflies, supply_closet_lemuel, uniq_natasha
D:4:      layout_loops_ring, nicolae_wu_jian_immortal_techniques

Skill      XL: |  1  2  3  4  5  6 |
---------------+-------------------+-----
Axes           | 3 4 5 6 7 |  7.8
Fighting       | 4 5 |  5.9
Armour         | |  3.2
Shields        | |  3.2

Action                   |  1- 3 |  4- 6 || total
-------------------------+-------+-------++-------
Melee: War axe           |   106 |   128 ||   234
  Use: Scroll            |       |     3 ||     3
       Potion            |       |     1 ||     1
Armor: Scale mail        |    57 |    67 ||   124
Dodge: Dodged            |    42 |    56 ||    98
